 Dungeon Crawl Stone Soup version 0.31.0-11-ge490571c62 (webtiles) character file.

Game seed: 9922400710187086309

48 cdecastro the Ruffian (level 3, -5/28 HPs)
             Began as a Draconian Shapeshifter on Jan 26, 2024.
             Was an Initiate of Nemelex Xobeh.
             Killed by divine providence
             ... invoked by an orc priest
              (11 damage)
             ... on level 3 of the Dungeon.
             The game lasted 00:01:21 (1544 turns).

cdecastro the Ruffian (Draconian Shapeshifter)      Turns: 1544, Time: 00:01:21

Health: -5/28      AC:  5    Str: 16    XL:     3   Next: 50%
Magic:  3/3        EV: 12    Int: 10    God:    Nemelex Xobeh [......]
Gold:   50         SH:  0    Dex: 12    Spells: 2/2 levels left

rFire   . .          .
                       - Unarmed
rCold   . . .        (no shield)
rNeg    . . .        (body armour unavailable)
rPois   .            (helmet currently unavailable)
rElec   .            (cloak currently unavailable)
rCorr   .            (gloves currently unavailable)
SInv    .            (boots currently unavailable)
Will    .....        (no amulet)
Stlth   +            (no ring)
HPRegen 0.24/turn    (no ring)
MPRegen 0.08/turn

%: no passive effects
@: beast-form
A: beast (slay +1), AC +5, unfitting armour, cold-blooded
a: Begin Untransformation, Renounce Religion, Draw Escape, Draw Destruction,
Draw Summoning


You were on level 3 of the Dungeon.
You worshipped Nemelex Xobeh.
Nemelex Xobeh was noncommittal.
You were a hulking beast.
You visited 1 branch of the dungeon, and saw 3 of its levels.

You collected 50 gold pieces.

Inventory:

Jewellery
 f - an amulet of magic regeneration
Talismans
 b - a beast talisman
 c - a flux talisman
Scrolls
 e - a scroll of enchant armour {unknown}
 g - a scroll of noise {unknown}
 h - a scroll of immolation {unknown}
 i - a scroll of butterflies {unknown}
 j - a scroll of teleportation {unknown}
 k - a scroll of fog {unknown}
 l - a scroll of identify {unknown}
Potions
 d - 2 potions of curing {unknown}


   Skills:
 - Level 1.1 Fighting
 - Level 1.7 Dodging
 * Level 4.1 Unarmed Combat
 + Level 3.4 Shapeshifting


You had 2 spell levels left.
You didn't know any spells.
Your spell library was empty.

Dungeon Overview and Level Annotations

Branches:
Dungeon (3/15)

Altars:
Nemelex Xobeh


Innate Abilities, Weirdness & Mutations

You are a hulking beast.
Your limbs bulge with bestial killing power. (Slay +1)
Your plain brown scales are hard. (AC +5)
You cannot fit into any form of body armour.
You are cold-blooded and may be slowed by cold attacks.


Message History

You start waiting.
Done waiting.
You climb downwards.
The orc hits you with a +0 hand axe. The orc priest hits you with a +0 whip.
There is a stone staircase leading up here.
You hit the orc priest.
The orc priest is lightly wounded.
The orc misses you. The orc priest closely misses you.
You barely miss the orc priest. You tail-slap the orc priest.
The orc priest is lightly wounded.
The orc hits you but does no damage. The orc priest barely misses you.
You hit the orc priest but do no damage.
You tail-slap the orc priest.
The orc priest is heavily wounded.
The orc hits you with a +0 hand axe. The orc priest closely misses you.
You hit the orc priest but do no damage.
Your tail-slap misses the orc priest.
The orc priest is heavily wounded.
The orc misses you. The orc priest barely misses you.
You hit the orc priest.
You tail-slap the orc priest, but do no damage.
The orc priest is heavily wounded.
The orc misses you.
The orc priest mumbles some strange prayers to Beogh against you.
Pain shoots through your body!
Ouch! That really hurt!
* * * LOW HITPOINT WARNING * * *
You hit the orc priest.
Your tail-slap misses the orc priest.
The orc priest is almost dead.
The orc misses you. The orc priest barely misses you.
Unknown command.
You closely miss the orc priest.
You tail-slap the orc priest, but do no damage.
The orc priest is almost dead.
The orc hits you with a +0 hand axe.
* * * LOW HITPOINT WARNING * * *
The orc priest mumbles some strange prayers to Beogh against you.
Beogh smites you!
You die...
Your body disappears without a glow.

### ..# #.# #.#
#.##########
.#.##########...........
......oho.).............
.#.##.####.##.##.#######
# #.##.##.# #.##.##.#
#.##.##.# ......#.#
#....##.# ###.###.# o.
...


You could see an orc priest and an orc.

Vanquished Creatures
  2 adders (D:2)
  2 dart slugs
  A ribbon worm (D:2)
  An orc (D:2)
  4 ball pythons
  An endoplasm (D:1)
  A goblin (D:1)
  3 hobgoblins
  2 kobolds (D:2)
  2 bats
  3 frilled lizards (D:1)
  A rat (D:2)
23 creatures vanquished.

Notes
Turn   | Place    | Note
-------+----------+-------------------------------------------
     0 | D:1      | cdecastro the Draconian Shapeshifter began the quest for
                  | the Orb.
     0 | D:1      | Reached XP level 1. HP: 16/16 MP: 1/1
   562 | D:1      | Reached XP level 2. HP: 22/23 MP: 2/2
   985 | D:2      | Found a sparkling altar of Nemelex Xobeh.
   994 | D:2      | Became a worshipper of Nemelex Xobeh the Trickster
  1015 | D:2      | Reached XP level 3. HP: 13/28 MP: 3/3
  1018 | D:2      | Reached skill level 4 in Unarmed Combat
  1353 | D:2      | You fall into a shaft and drop 1 floor!
  1544 | D:3      | Killed from afar by an orc priest

Illustrated notes

Levels and vault maps discovered:
D:1:      dpeg_arrival_houses_and_road, layout_basic, st_stairs_4
D:2:      layout_basic, basic_altar
D:3:      layout_loops_ring, mainiacjoe_overflow_24_doors, serial_shops,
          nicolae_shop_rolling_square, uniq_jessica

Skill      XL: |  1  2  3 |
---------------+----------+-----
Unarmed Combat | 4 |  4.1
Fighting       | |  1.1
Dodging        | |  1.7
Shapeshifting  | |  3.4

Action                     || total
---------------------------++-------
  Melee: Unarmed           ||    66
         Tailslap          ||     7
         Punch             ||     2
    Use: Potion            ||     1
   Stab: Sleeping          ||     1
 Armour: Skin              ||    59
  Dodge: Dodged            ||    44
